 Dungeon Crawl Stone Soup version 0.23-a0-556-g351818a (webtiles) character file.

36 zishaf the Poker (level 3, 0/28 HPs)
             Began as a Merfolk Gladiator on Dec 10, 2018.
             Succumbed to an adder's poison
             ... on level 2 of the Dungeon.
             The game lasted 00:02:46 (1204 turns).

zishaf the Poker (Merfolk Gladiator)                Turns: 1204, Time: 00:02:46

Health: 0/28       AC:  9    Str: 15    XL:     3   Next: 37%
Magic:  3/3        EV:  3    Int: 12    God:
Gold:   45         SH: 11    Dex: 15    Spells: 2/2 levels left

rFire    . . .     SeeInvis .   a - +0 trident
rCold    . . .     Gourm    .   h - +0 large shield
rNeg     . . .     Faith    .   i - +0 chain mail (curse)
rPois    .         Spirit   .   c - +0 helmet
rElec    .         Reflect  .   (no cloak)
rCorr    .         Harm     .   (no gloves)
MR       .....                  (no boots)
Stlth    ..........             (no amulet)
HPRegen  0.09/turn              e - +5 ring of intelligence
MPRegen  0.08/turn              (no ring)

@: lethally poisoned (0 -> -2)
A: change form in water, swift swim, stealthy swim
a: no special abilities


You were on level 2 of the Dungeon.
You were not hungry.

You visited 1 branch of the dungeon, and saw 2 of its levels.

You collected 45 gold pieces.

Inventory:

Hand Weapons
 a - a +0 trident (weapon)
Missiles
 d - 3 throwing nets (quivered)
Armour
 b - a +0 leather armour
 c - a +0 helmet (worn)
 h - a +0 large shield (worn)
 i - a cursed +0 chain mail (worn)
Jewellery
 e - a +5 ring of intelligence (left hand)
Scrolls
 j - a scroll of remove curse {unknown}
 k - a scroll of random uselessness {unknown}
Comestibles
 f - 5 rations
 g - 5 chunks of flesh


   Skills:
 + Level 2.9 Fighting
 + Level 5.1 Polearms
 - Level 2.0 Throwing
 + Level 4.6 Dodging


You had 2 spell levels left.
You didn't know any spells.
Your spell library was empty.

Dungeon Overview and Level Annotations

Branches:
Dungeon (2/15)

Altars:
Dithmenos
Gozag
Vehumet


Message History

You closely miss the adder.
The adder is heavily wounded.
You feel sick. The adder bites you but does no damage.
The adder barely misses you. You block the adder's attack. The adder bites you.
You miss the adder.
The adder is heavily wounded.
The adder bites you but does no damage. x2
You closely miss the adder.
The adder is heavily wounded.
You block the adder's attack. The adder barely misses you.
The adder bites you but does no damage. x2
You puncture the adder!
You kill the adder!
You feel sick. The adder bites you.
* * * LOW HITPOINT WARNING * * *
The adder bites you.
* * * LOW HITPOINT WARNING * * *
You block the adder's attack.
You see here an adder corpse.
You die...

..#.....# ... ..##...##
##....##....###
...#...#####...#..#........
...##.###..... #..#........
....#_###...####..#........
....###.......##..#........
....<# #÷# #..............
...### ##.#####..(.........
...#####........@.S†.......
..........#...............#
.#........#...........%...#
###.......#........#.######
###................#.#
.>........#..........#
###......#............#
........................
#........#...........<...


You could see an adder.

Vanquished Creatures
  An adder (D:2)
  A worm (D:2)
  A leopard gecko (D:1)
  2 bats (D:2)
  2 giant cockroaches (D:1)
  4 goblins (D:1)
  2 hobgoblins
  4 jackals
  A quokka (D:2)
  A kobold (D:1)
  2 rats (D:1)
21 creatures vanquished.

Notes
Turn   | Place    | Note
-------+----------+-------------------------------------------
     0 | D:1      | zishaf the Merfolk Gladiator began the quest for the Orb.
     0 | D:1      | Reached XP level 1. HP: 16/16 MP: 1/1
   464 | D:1      | Reached XP level 2. HP: 21/23 MP: 2/2
  1044 | D:2      | Reached skill level 5 in Polearms
  1045 | D:2      | Reached XP level 3. HP: 28/28 MP: 3/3
  1130 | D:2      | Found an opulent altar of Gozag.
  1134 | D:2      | Found a shadowy altar of Dithmenos.
  1139 | D:2      | Found a radiant altar of Vehumet.
  1201 | D:2      | HP: 1/28 [adder (3)]
  1204 | D:2      | Succumbed to an adder's poison

Vault maps used:
D:1:      dpeg_arrival_three_same_balls, grunt_decor_resistance
D:2:      tso_oasis_becter, minmay_overflow_temple_star_quad, first_ration,
          st_stairs_5

Skill      XL: |  1  2 |
---------------+-------+-----
Polearms       | 5 |  5.1
Fighting       | |  2.9
Throwing       | |  2.0
Dodging        | |  4.6

Action                   || total
-------------------------++-------
Melee: Trident           ||    96
  Eat: Chunk             ||     1
Armor: Chain mail        ||    71
Dodge: Dodged            ||    15
Block: Large shield      ||    63

Table legend:
 A = Non-vault XP
 B = Vault XP
 C = Vault XP percentage of total XP
 D = Non-vault monster count
 E = Vault monster count
 F = Vault count percentage of total count
                 A         B        C        D         E       F
            +---------+---------+-------+---------+---------+-------
      Total |      52 |       0 |   0.0 |      21 |       0 |   0.0
            +---------+---------+-------+---------+---------+-------
        D:1 |      22 |       0 |   0.0 |      12 |       0 |   0.0
        D:2 |      30 |       0 |   0.0 |       9 |       0 |   0.0
            +---------+---------+-------+---------+---------+-------
